 Dungeon Sprint DCSS version 0.22-a0-525-gf69a080 (webtiles) character file.

37129 emperorscorpion the Warrior (level 13, -7/85 HPs)
             Began as a Vine Stalker Berserker on June 19, 2018.
             Was the Champion of Trog.
             Killed from afar by a storm dragon (29 damage)
             ... with a bolt of lightning
             ... in the Dungeon (Sprint IX: "|||||||||||||||||||||||||||||") on June 20, 2018.
             The game lasted 00:18:13 (2355 turns).

emperorscorpion the Warrior (VSBe)                  Turns: 2355, Time: 00:18:14

Health: -7/85      AC: 29    Str: 22    XL:     13   Next: 94%
Magic:  0/6        EV: 12    Int:  7    God:    Trog [******]
Gold:   1172       SH:  0    Dex: 17    Spells: 12/12 levels left

rFire    . . .     SeeInvis .   a - +5 quick blade (antimagic)
rCold    + . .     Gourm    .   (no shield)
rNeg     . . .     Faith    +   T - +3 plate armour {rC+}
rPois    +         Spirit   +   U - +1 helmet
rElec    .         Reflect  .   (no cloak)
rCorr    .         Harm     .   R - +1 pair of gloves
MR       +....     NoTele   +   C - +0 pair of boots
Stlth    ..........             P - amulet of faith
HPRegen  1.04/turn              O - ring of poison resistance
MPRegen  0.10/turn              t - +2 ring of protection

@: no status effects
A: fangs 3, regeneration 2, magic shield, antimagic bite, no potion heal 3, rot
immunity
a: Berserk, Trog's Hand, Brothers in Arms, Renounce Religion


You were in the Dungeon.
You worshipped Trog.
Trog was exalted by your worship.
You were not hungry.

You visited 1 branch You collected 1904 gold pieces.
You spent 732 gold pieces at shops.

Inventory:

Hand Weapons
 a - a +5 antimagic quick blade (weapon)
 b - a +3 rapier of speed
 o - a +4 antimagic dagger
 x - a +2 rapier of electrocution
 D - a +3 great sword of holy wrath
 E - a +2 rapier of flaming
 Q - a +3 quick blade
 W - a +7 antimagic demon blade
 Y - a +5 antimagic rapier
Missiles
 j - 7 needles of sleeping
 J - 2 throwing nets (quivered)
 K - 5 javelins of returning
Armour
 p - a +0 animal skin
 q - a +0 pair of gloves
 r - a +0 plate armour
 B - a +0 helmet
 C - a +0 pair of boots (worn)
 R - a +1 pair of gloves (worn)
 S - +1 ice dragon scales
 T - a +3 plate armour of cold resistance (worn)
 U - a +1 helmet (worn)
Magical Staves
 n - an uncursed staff of energy
 A - an uncursed staff of fire
Jewellery
 s - a +2 ring of evasion
 t - a +2 ring of protection (right hand)
 I - an uncursed amulet of magic regeneration
 M - an uncursed ring of ice
 N - an uncursed ring of protection from fire
 O - a ring of poison resistance (left hand)
 P - an amulet of faith (around neck)
Wands
 m - a wand of iceblast (10)
Scrolls
 i - 6 scrolls of blinking
 l - 3 scrolls of remove curse
 v - 2 scrolls of fear
 w - 2 scrolls of fog
 V - a scroll of identify
Potions
 d - 8 potions of curing
 e - 10 potions of heal wounds
 f - a potion of haste
 g - 4 potions of magic
 h - 2 potions of berserk rage
 k - 2 potions of invisibility
 u - 3 potions of might
 z - a potion of agility
 F - 2 potions of flight
 G - a potion of lignification
 H - a potion of resistance
 L - a potion of brilliance {unknown}
Comestibles
 c - 10 rations
 Z - a chunk of flesh


   Skills:
 + Level 18.2 Fighting
 - Level 14.2(15.5) Short Blades
 - Level 11.1(14.0) Long Blades
 + Level 16.1 Armour
 + Level 8.3 Dodging
 + Level 8.0 Stealth
 * Level 9.3 Evocations


You had 12 spell levels left.
You didn't know any spells.
Your spell library was empty.

Dungeon Overview and Level Annotations

Branches:
Dungeon (1/1)

Altars:
Cheibriados
Dithmenos
Elyvilon
Fedhas
Gozag
Hepliaklqana
Kikubaaqudgha
Makhleb
Nemelex Xobeh
Okawaru
Qazlal
Ru
Sif Muna
Trog
Uskayaw
Vehumet
Wu Jian
Xom
Yredelemnul
Zin
The Shining One
Beogh
Jiyva
Lugonu

Shops:
D !=%*


Innate Abilities, Weirdness & Mutations

You have razor-sharp teeth.
You heal very quickly.
When hurt, damage is shared between your health and your magic reserves.
Your bite disrupts and absorbs the magic of your enemies.
Potions cannot restore your health.
You are immune to rotting.


Message History

Your stone giant stumbles backwards!
Your stone giant closely misses the storm dragon.
A tengu reaver comes into view. It is wielding an enchanted long sword.
The storm dragon bites your stone giant!
The storm dragon claws your stone giant.
The storm dragon tramples your stone giant.
Your stone giant holds its ground!
Your stone giant hits the storm dragon!!!
The storm dragon breathes lightning at you.
The bolt of lightning hits your stone giant.
Your stone giant dies!
Your stone giant's corpse disappears in a puff of smoke!
The bolt of lightning hits you!
* * * LOW HITPOINT WARNING * * *
Unknown command.
Your skin stops crawling.
You feel less resistant to hostile enchantments.
The storm dragon breathes lightning at you.
The bolt of lightning hits you!
You die...

▓▓▓▓▓▓▓▓▓▓▓▓▓▓▓▓▓▓▓▓▓▓▓▓▓
TD.Q).).QD)....@........▓
▓▓▓▓▓▓▓▓▓▓▓▓▓▓▓▓▓▓▓▓▓▓▓▓.▓
.........................▓
▓▓▓▓▓▓▓▓▓▓▓▓▓▓▓▓▓▓▓▓▓▓▓▓▓▓
.......).).).............▓
▓▓▓▓▓▓▓▓▓▓▓▓▓▓▓▓▓▓▓▓▓▓▓▓.▓
.........................▓
▓▓▓▓▓▓▓▓▓▓▓▓▓▓▓▓▓▓▓▓▓▓▓▓▓▓
[.))))).)).....'.........▓


You could see a storm dragon and a tengu reaver.

Vanquished Creatures
  2 thorn hunters (D)
  A nagaraja (D)
  A merfolk impaler (D)
  An ettin (D)
  A great orb of eyes (D)
  Josephine (D)
  Erolcha (D)
  A hydra (D)
  Harold (D)
  Erica (D)
  An alligator (D)
  A two-headed ogre (D)
  3 orc high priests (D)
  Urug (D)
  A spriggan (D)
  A naga ritualist (D)
  2 sea snakes (D)
  2 orc knights (D)
  An orc sorcerer (D)
  A harpy (D)
  2 wolf spiders (D)
  An ugly thing (D)
  A guardian serpent (D)
  2 black mambas (D)
  5 spiny frogs (D)
  A demonic crawler (D)
  A troll (D)
  2 hornets (D)
  2 tyrant leeches (D)
  A bog body (D)
  2 blink frogs (D)
  A hippogriff (D)
  A slime creature (D)
  A snapping turtle (D)
  2 shadows (D)
  3 tarantellas (D)
  3 redbacks (D)
  5 wraiths (D)
  A wyvern (D)
  2 basilisks (D)
  3 vampire mosquitoes (D)
  A soldier ant (D)
  3 water moccasins (D)
  A porcupine (D)
  8 orc warriors (D)
  2 swamp drakes (D)
  A sky beast (D)
  An ice beast (D)
  2 phantoms (D)
  2 crocodiles (D)
  A big kobold (D)
  4 bullfrogs (D)
  5 orc priests (D)
  A jelly (D)
  2 orc wizards (D)
  A worker ant (D)
  An ooze (D)
  A worm (D)
  A dart slug (D)
  A leopard gecko (D)
  9 orcs (D)
  A bat (D)
  2 hobgoblins (D)
  A jackal (D)
  A quokka (D)
  A ball python skeleton (D)
  A jackal skeleton (D)
  A jackal zombie (D)
  A leopard gecko simulacrum (D)
  A rat (D)
125 creatures vanquished.

Vanquished Creatures (collateral kills)
  A golden dragon (D)
  A lich (D)
  2 very ugly things (D)
  An ettin (D)
  A fire dragon (D)
  A rakshasa (D)
  A merfolk impaler (D)
  A naga warrior (D)
  2 ice dragons (D)
  An anaconda (D)
  A centaur warrior (D)
  A tengu warrior (D)
  An orc high priest (D)
  A deep troll shaman (D)
  A sea snake (D)
  3 orc knights (D)
  A mana viper (D)
  A salamander (D)
  An orc sorcerer (D)
  2 black mambas (D)
  A snapping turtle (D)
  3 orcs (D)
29 creatures vanquished.

Grand Total: 154 creatures vanquished

Notes
Turn   | Place    | Note
-------+----------+-------------------------------------------
     0 | D        | emperorscorpion the Vine Stalker Berserker began the quest for the Orb.
     0 | D        | Reached XP level 1. HP: 11/11 MP: 2/2
     5 | D        | Reached skill level 3 in Fighting
    11 | D        | Reached ** piety under Trog
    15 | D        | Reached XP level 2. HP: 16/16 MP: 3/3
    24 | D        | Noticed a sky beast
    29 | D        | Reached *** piety under Trog
    37 | D        | Killed a sky beast
    37 | D        | Reached skill level 5 in Fighting
    37 | D        | Reached XP level 3. HP: 23/23 MP: 4/4
    37 | D        | Gained mutation: Your natural rate of healing is unusually fast. [Vine Stalker growth]
    37 | D        | Reached XP level 4. HP: 27/27 MP: 5/5
    44 | D        | Found a roughly hewn altar of Beogh.
    44 | D        | Found a snail-covered altar of Cheibriados.
    44 | D        | Found a shadowy altar of Dithmenos.
    44 | D        | Found a white marble altar of Elyvilon.
    44 | D        | Found a blossoming altar of Fedhas.
    44 | D        | Found an opulent altar of Gozag.
    45 | D        | Found a hazy altar of Hepliaklqana.
    46 | D        | Found a viscous altar of Jiyva.
    47 | D        | Found an ancient bone altar of Kikubaaqudgha.
    48 | D        | Found a corrupted altar of Lugonu.
    49 | D        | Found a burning altar of Makhleb.
    50 | D        | Found a sparkling altar of Nemelex Xobeh.
    51 | D        | Found an iron altar of Okawaru.
    52 | D        | Found a stormy altar of Qazlal.
    53 | D        | Found a sacrificial altar of Ru.
    54 | D        | Found a deep blue altar of Sif Muna.
    55 | D        | Found a bloodstained altar of Trog.
    56 | D        | Found a hide-covered altar of Uskayaw.
    57 | D        | Found a radiant altar of Vehumet.
    58 | D        | Found an ornate altar of the Wu Jian Council.
    59 | D        | Found a shimmering altar of Xom.
    60 | D        | Found a basalt altar of Yredelemnul.
    61 | D        | Found a glowing silver altar of Zin.
    62 | D        | Found a glowing golden altar of the Shining One.
   108 | D        | Noticed a two-headed ogre
   108 | D        | Noticed a phantom
   108 | D        | Noticed a bullfrog
   108 | D        | Noticed a big kobold
   111 | D        | Killed a big kobold
   111 | D        | Reached **** piety under Trog
   111 | D        | Reached skill level 6 in Fighting
   111 | D        | Reached XP level 5. HP: 32/32 MP: 6/6
   112 | D        | Reached XP level 6. HP: 37/37 MP: 7/7
   117 | D        | Killed a phantom
   117 | D        | Reached skill level 7 in Fighting
   122 | D        | Killed a two-headed ogre
   122 | D        | Reached skill level 9 in Fighting
   122 | D        | Reached skill level 5 in Dodging
   122 | D        | Reached XP level 7. HP: 44/44 MP: 8/8
   122 | D        | Gained mutation: You have razor-sharp teeth. [Vine Stalker growth]
   122 | D        | Reached XP level 8. HP: 49/49 MP: 9/9
   159 | D        | Noticed a troll
   159 | D        | Noticed a slime creature
   159 | D        | Noticed a shadow
   163 | D        | Killed a shadow
   163 | D        | Reached ***** piety under Trog
   170 | D        | Killed a slime creature
   170 | D        | Reached skill level 5 in Armour
   181 | D        | Killed a troll
   181 | D        | Received a gift from Trog
   181 | D        | Reached skill level 10 in Fighting
   181 | D        | Reached XP level 9. HP: 54/54 MP: 10/10
   295 | D        | Noticed a spiny frog
   295 | D        | Noticed a spiny frog
   295 | D        | Noticed a spiny frog
   298 | D        | Killed a spiny frog
   300 | D        | Noticed an eight-headed hydra
   305 | D        | Noticed a black mamba
   309 | D        | Killed a spiny frog
   312 | D        | Noticed a spiny frog
   313 | D        | Killed a spiny frog
   313 | D        | Reached skill level 11 in Fighting
   320 | D        | Killed an eight-headed hydra
   320 | D        | Received a gift from Trog
   320 | D        | Reached XP level 10. HP: 57/61 MP: 11/11
   325 | D        | Killed a black mamba
   327 | D        | Killed a spiny frog
   390 | D        | Reached ****** piety under Trog
   390 | D        | Reached skill level 5 in Long Blades
   397 | D        | Reached skill level 12 in Fighting
   398 | D        | Noticed a black mamba
   418 | D        | Received a gift from Trog
   424 | D        | Killed a black mamba
   462 | D        | Noticed a spiny frog
   482 | D        | Received a gift from Trog
   499 | D        | Killed a spiny frog
   499 | D        | Reached XP level 11. HP: 47/67 MP: 4/12
   512 | D        | Got a crude great sword {god gift}
   513 | D        | Identified the +1 great sword "Lifebane" {slice, rN+} (Trog gifted it to you in the Dungeon)
   564 | D        | Noticed Erica
   576 | D        | Killed Erica
   576 | D        | Reached skill level 13 in Fighting
   690 | D        | Noticed Josephine
   705 | D        | Killed Josephine
   705 | D        | Received a gift from Trog
   705 | D        | Reached skill level 10 in Armour
   705 | D        | Reached skill level 1 in Stealth
   776 | D        | Received a gift from Trog
   947 | D        | Noticed an orc knight
   947 | D        | Noticed an orc sorcerer
   947 | D        | Noticed an orc knight
   947 | D        | Noticed an orc high priest
   960 | D        | HP: 2/68 [orc high priest/divine providence (15)]
   961 | D        | Killed an orc high priest
   961 | D        | Received a gift from Trog
   984 | D        | Killed an orc knight
  1008 | D        | Killed an orc sorcerer
  1035 | D        | Killed an orc knight
  1035 | D        | Reached skill level 14 in Fighting
  1122 | D        | Received a gift from Trog
  1171 | D        | Found Foskyrhi's General Store.
  1171 | D        | Noticed an orc knight
  1171 | D        | Noticed an orc knight
  1181 | D        | Noticed an orc knight
  1199 | D        | Killed an orc knight
  1203 | D        | Found Zutug's Food Shop.
  1205 | D        | Noticed an orc sorcerer
  1222 | D        | Killed an orc knight
  1222 | D        | Reached skill level 10 in Long Blades
  1227 | D        | Killed an orc knight
  1229 | D        | Killed an orc sorcerer
  1254 | D        | Found Niphobb's Jewellery Boutique.
  1258 | D        | Found Coun's Distillery.
  1261 | D        | Upgraded the game from 0.22-a0-515-g75794bf to 0.22-a0-525-gf69a080
  1261 | D        | Noticed an orc high priest
  1262 | D        | Noticed an orc high priest
  1263 | D        | Noticed an orc high priest
  1281 | D        | Killed an orc high priest
  1287 | D        | Killed an orc high priest
  1287 | D        | Received a gift from Trog
  1287 | D        | Gained mutation: You heal very quickly. [Vine Stalker growth]
  1287 | D        | Reached XP level 12. HP: 75/75 MP: 4/13
  1290 | D        | Killed an orc high priest
  1298 | D        | Bought a potion of flight for 42 gold pieces
  1298 | D        | Bought a potion of lignification for 42 gold pieces
  1298 | D        | Bought a potion of flight for 42 gold pieces
  1298 | D        | Bought a potion of curing for 42 gold pieces
  1298 | D        | Bought a potion of curing for 42 gold pieces
  1298 | D        | Bought a potion of invisibility for 112 gold pieces
  1298 | D        | Bought a potion of resistance for 140 gold pieces
  1306 | D        | Bought a cursed amulet of magic regeneration for 270 gold pieces
  1345 | D        | Noticed Harold
  1367 | D        | Killed Harold
  1407 | D        | Noticed Urug
  1466 | D        | Killed Urug
  1466 | D        | Reached skill level 15 in Fighting
  1633 | D        | Received a gift from Trog
  1648 | D        | Reached skill level 1 in Evocations
  1656 | D        | Noticed a great orb of eyes
  1659 | D        | Noticed an ice dragon
  1659 | D        | Noticed a red very ugly thing
  1663 | D        | Received a gift from Trog
  1664 | D        | Noticed a brown very ugly thing
  1672 | D        | Noticed a centaur warrior
  1672 | D        | Killed a red very ugly thing
  1674 | D        | Noticed an ice dragon
  1678 | D        | Noticed an ettin
  1678 | D        | Killed a brown very ugly thing
  1685 | D        | Killed a great orb of eyes
  1687 | D        | Killed an ice dragon
  1687 | D        | Received a gift from Trog
  1689 | D        | Killed a centaur warrior
  1691 | D        | Killed an ice dragon
  1693 | D        | Killed an ettin
  1812 | D        | Noticed Erolcha
  1824 | D        | Killed Erolcha
  1894 | D        | Noticed a naga warrior
  1894 | D        | Noticed an anaconda
  1894 | D        | Noticed a nagaraja
  1911 | D        | Received a gift from Trog
  1919 | D        | Killed a nagaraja
  1919 | D        | Reached skill level 16 in Fighting
  1919 | D        | Reached skill level 5 in Stealth
  1928 | D        | Killed an anaconda
  1928 | D        | Reached skill level 5 in Evocations
  1936 | D        | Killed a naga warrior
  1936 | D        | Reached XP level 13. HP: 45/82 MP: 16/18
  1939 | D        | Received a gift from Trog
  1970 | D        | Noticed a merfolk impaler
  1973 | D        | Noticed a merfolk impaler
  2007 | D        | Killed a merfolk impaler
  2007 | D        | Received a gift from Trog
  2014 | D        | Killed a merfolk impaler
  2037 | D        | Noticed a thorn hunter
  2047 | D        | Noticed a thorn hunter
  2059 | D        | Reached skill level 17 in Fighting
  2071 | D        | Killed a thorn hunter
  2071 | D        | Received a gift from Trog
  2077 | D        | Reached skill level 15 in Armour
  2089 | D        | Killed a thorn hunter
  2130 | D        | Received a gift from Trog
  2162 | D        | Received a gift from Trog
  2185 | D        | Received a gift from Trog
  2309 | D        | Noticed a golden dragon
  2309 | D        | Noticed a fire dragon
  2309 | D        | Noticed a rakshasa
  2309 | D        | Noticed a lich
  2309 | D        | Noticed an ettin
  2319 | D        | Killed an ettin
  2333 | D        | Killed a lich
  2336 | D        | Killed a golden dragon
  2336 | D        | Reached skill level 18 in Fighting
  2343 | D        | Killed a rakshasa
  2345 | D        | Killed a fire dragon
  2346 | D        | Received a gift from Trog
  2346 | D        | Noticed a storm dragon
  2349 | D        | Noticed a tengu reaver
  2355 | D        | Killed from afar by a storm dragon

Vault maps used:
D:        linesprint

Skill      XL: |  1  2  3  4  5  6  7  8  9 10 11 12 13 |
---------------+----------------------------------------+-----
Fighting       | 3 5 6 9 10 11 12 14 16 18 | 18.2
Short Blades   | 3 6 7 8 11 12 14 | 14.2
Dodging        | 3 5 6 7 8 |  8.3
Armour         | 2 3 4 5 6 9 11 13 16 | 16.1
Long Blades    | 3 7 10 11 | 11.1
Stealth        | 2 5 8 |  8.0
Evocations     | 5 9 |  9.3

Action                   |  1- 3 |  4- 6 |  7- 9 | 10-12 | 13-15 || total
-------------------------+-------+-------+-------+-------+-------++-------
Melee: Short sword       |    20 |     2 |       |       |       ||    22
       Bite              |     3 |     6 |    18 |   172 |    76 ||   275
       Rapier            |       |    13 |    46 |    48 |       ||   107
       Quick blade       |       |       |       |   370 |   154 ||   524
Invok: Berserk           |     1 |     1 |     2 |     7 |     3 ||    14
       Trog's Hand       |       |       |       |     9 |     1 ||    10
       Brothers in Arms  |       |       |       |     7 |     2 ||     9
  Use: Scroll            |       |       |       |     1 |       ||     1
 Stab: Distracted        |       |       |       |     1 |       ||     1
       Confused          |       |       |       |       |     1 ||     1
  Eat: Chunk             |       |       |     1 |    15 |     3 ||    19
       Ration            |       |       |       |     1 |     1 ||     2
Armor: Animal skin       |     1 |       |       |       |       ||     1
       Plate armour      |       |     3 |    12 |    57 |    48 ||   120
Dodge: Dodged            |    11 |     2 |    16 |    72 |    35 ||   136

Table legend:
 A = Spawn XP
 B = Non-spawn XP
 C = Spawn XP percentage of total XP
 D = Spawn monster count
 E = Non-spawn monster count
 F = Spawn count percentage of total count
 G = Total turns spent on level
                    A         B        C        D         E        F      G
               +---------+---------+-------+---------+---------+-------+---------
         Total |       0 |   53042 |   0.0 |       0 |     154 |   0.0 |  2355
               +---------+---------+-------+---------+---------+-------+---------
             D |       0 |   53042 |   0.0 |       0 |     154 |   0.0 |  2355
               +---------+---------+-------+---------+---------+-------+---------
